 Dungeon Crawl Stone Soup version 0.31-a0-875-g02e7d12df6 (webtiles) character file.

Game seed: 12783867410253157081

1344 Gergoth the Magician (level 8, -24/54 HPs)
             Began as a Mummy Hedge Wizard on Oct 12, 2023.
             Was a Follower of Dithmenos.
             Killed from afar by a steam dragon (34 damage)
             ... with a ball of steam
             ... on level 9 of the Dungeon.
             The game lasted 00:30:38 (7906 turns).

Gergoth the Magician (Mummy Hedge Wizard)           Turns: 7906, Time: 00:30:39

Health: -24/54     AC: 14    Str: 13    XL:     8   Next: 36%
Magic:  14/18      EV: 11    Int: 16    God:    Dithmenos [*.....]
Gold:   281        SH:  0    Dex: 11    Spells: 4/21 levels left

rFire   x . .        p - +3 dagger (elec)
rCold   + . .        (no shield)
rNeg    + + +        t - +1 ring mail {Will+}
rPois   ∞            c - +0 hat
rElec   .            (no cloak)
rCorr   .            (no gloves)
SInv    .            f - +2 pair of boots
Will    ++...        (no amulet)
Stlth   +            l - ring of flight
HPRegen 0.29/turn    b - +4 ring of protection
MPRegen 0.16/turn

%: faith
@: flying, very slightly contaminated, wreathed by umbra
A: cold resistance 1, negative energy resistance 3, torment resistance 2, heat
vulnerability 1, in touch with death 1, no potions, faith
a: Renounce Religion


You were on level 9 of the Dungeon.
You worshipped Dithmenos.
Dithmenos was aware of your devotion.
You visited 1 branch of the dungeon, and saw 10 of its levels.

You collected 281 gold pieces.

Inventory:

Hand Weapons
 g - the +3 mace of Joasuhej {elec, rPois}
   (You found it on level 3 of the Dungeon)

   rPois:     It protects you from poison
 p - a +3 dagger of electrocution (weapon)
Missiles
 h - 4 atropa-tipped darts
Armour
 c - a +0 hat (worn)
 f - a +2 pair of boots (worn)
 j - a +0 leather armour
 k - a +0 robe
 s - a +0 kite shield
 t - a +1 ring mail of willpower (worn)
Jewellery
 b - a +4 ring of protection (right hand)
 l - a ring of flight (left hand)
Wands
 o - a wand of roots (5)
 x - a wand of paralysis (5)
Scrolls
 a - 3 scrolls of identify
 d - 3 scrolls of amnesia
 e - 2 scrolls of immolation {unknown}
 i - a scroll of poison
 n - 2 scrolls of fog {unknown}
 q - 2 scrolls of vulnerability {unknown}
 u - a scroll of torment {unknown}
 w - a scroll of enchant armour {unknown}
 C - a scroll of fear {unknown}


   Skills:
 - Level 1.4 Fighting
 + Level 4.0 Armour
 - Level 3.1 Dodging
 - Level 2.3 Stealth
 - Level 7.2 Spellcasting
 + Level 4.1 Conjurations
 + Level 1.8 Summonings
 - Level 1.6 Translocations
 + Level 0.1 Air Magic


You had 4 spell levels left.
You knew the following spells:

 Your Spells              Type           Power      Damage    Failure   Level
a - Magic Dart            Conj           76%        1d6       4%          1
b - Blink                 Tloc           20%        N/A       21%         2
c - Call Imp              Summ           22%        N/A       19%         2
d - Cigotuvi's Dreadful   Necr/Pois/Air  16%        N/A       36%         2
e - Kiss of Death         Conj/Necr      72%        2d10      11%         1
f - Mephitic Cloud        Conj/Pois/Air  10%        N/A       38%         3
g - Dispel Undead         Necr           8%         3d8       94%         4
h - Poisonous Vapours     Pois/Air       12%        N/A       36%         2

Your spell library contained the following spells:

 Spells                   Type           Power      Damage    Failure   Level
 Slow                     Hex            20%        N/A       26%         1
 Sting                    Tmut/Pois      20%        1d4       26%         1
 Confusing Touch          Hex            5%         N/A       58%         3
 Olgreb's Toxic Radiance  Pois           5%         N/A       94%         4


Dungeon Overview and Level Annotations

Branches:
Dungeon (10/15)
 Temple: D:4-7         Lair: D:8-11         Orc: D:9-12

Altars:
Ashenzari
Cheibriados
Dithmenos
Fedhas
Gozag
Kikubaaqudgha
Sif Muna
Uskayaw
Wu Jian

Shops:
D:4 =:(*

Annotations:
D:3 Terence
D:4 Menkaure


Innate Abilities, Weirdness & Mutations

You are immune to poison.
Your flesh is cold resistant. (rC+)
You are immune to negative energy. (rN+++)
You are immune to unholy pain and torment.
You are vulnerable to heat. (rF-)
You are in touch with the powers of death.
You do not drink.
You have a special connection with the divine. (Faith)


Message History

The steam dragon barely misses you.
You completely miss the steam dragon.
The steam dragon is lightly wounded.
The steam dragon barely misses you. x2
You hit the steam dragon.
Lightning courses through the steam dragon!
The steam dragon is severely wounded.
The steam dragon barely misses you. x2
You hit the steam dragon but do no damage.
The steam dragon is severely wounded.
The steam dragon bites you but does no damage.
The steam dragon barely misses you.
You hit the steam dragon.
The steam dragon is severely wounded.
The steam dragon bites you but does no damage.
The steam dragon closely misses you.
You hit the steam dragon.
The steam dragon is severely wounded.
The steam dragon breathes steam at you. The ball of steam hits you!!
The steam scalds you terribly!
* * * LOW HITPOINT WARNING * * *
Casting: Magic Dart (safe; 4% risk of failure)
Confirm with . or Enter, or press ? or * to list all spells.
You miscast Call Imp.
You are very lightly contaminated with residual magic.
Nothing appears to happen.
You are engulfed in a cloud of scalding steam.
The steam dragon bites you.
* * * LOW HITPOINT WARNING * * *
The steam dragon barely misses you.
Casting: Call Imp (safe; 19% risk of failure)
Confirm with . or Enter, or press ? or * to list all spells.
A tiny devil pulls itself out of the air.
The steam dragon closely misses you. The steam dragon misses you.
You hit the steam dragon.
The steam dragon is severely wounded.
The steam dragon breathes steam at you. The ball of steam hits you!!
The steam scalds you terribly!
Ouch! That really hurt!
You die...

#.........>.#.......
##......###.######
#.................
#.......###.#####.
#....#### #.#
#....#### #'#
#o5..........
#D###........ #@#
......... ###
......... ......
.....


You could see a steam dragon (catching breath, ally target), an orc and a
friendly cerulean imp (summoned).

Vanquished Creatures
  A steam dragon (D:5)
  An orc warrior (D:6)
  An ogre (D:5)
  A centaur (D:6)
  3 phantoms
  A gnoll sergeant (D:6)
  A scorpion (D:5)
  A jelly (D:4)
  2 hounds
  4 orc priests
  A sleepcap (D:6)
  Jessica (D:3)
  An iguana (D:5)
  5 orc wizards
  6 gnolls (D:6)
  6 adders
  2 worms
  2 dart slugs
  22 orcs
  4 ball pythons
  2 bat zombies (D:6)
  4 endoplasms
  5 giant cockroaches
  A goblin (D:1)
  2 hobgoblins
  7 kobolds
  5 quokkas
  6 bats
  2 frilled lizards
  7 rats
  A rat zombie (D:6)
108 creatures vanquished.

Notes
Turn   | Place    | Note
-------+----------+-------------------------------------------
     0 | D:1      | Gergoth the Mummy Hedge Wizard began the quest for the Orb.
     0 | D:1      | Reached XP level 1. HP: 13/13 MP: 5/5
   343 | D:1      | Found a faded altar of an unknown god.
   399 | D:1      | Reached XP level 2. HP: 19/19 MP: 2/7
   537 | D:1      | Reached skill level 1 in Summonings
   537 | D:1      | Reached skill level 1 in Translocations
   972 | D:1      | Reached skill level 1 in Conjurations
  1558 | D:2      | Reached XP level 3. HP: 25/25 MP: 3/8
  2322 | D:2      | Learned a level 2 spell: Blink
  2325 | D:2      | Learned a level 2 spell: Call Imp
  2418 | D:3      | Found a blossoming altar of Fedhas.
  2542 | D:3      | Identified the +3 mace of Joasuhej {elec, rPois}
  2546 | D:3      | Reached XP level 4. HP: 31/31 MP: 7/10
  2585 | D:3      | Noticed Terence
  2746 | D:3      | Noticed Jessica
  2750 | D:3      | Killed Jessica
  2751 | D:3      | Reached skill level 1 in Fighting
  2751 | D:3      | Reached skill level 1 in Armour
  2849 | D:4      | Learned a level 2 spell: Cigotuvi's Dreadful Rot
  2858 | D:4      | Found a shimmering blue altar of Sif Muna.
  2976 | D:4      | Found Bofaf's Antique Weapon Boutique.
  2977 | D:4      | Found Vimaxi's Jewellery Emporium.
  2977 | D:4      | Found Goenam's Book Shoppe.
  2977 | D:4      | Found Moer's Assorted Antiques.
  2990 | D:4      | Reached XP level 5. HP: 37/37 MP: 7/11
  3260 | D:4      | Found a broken altar of Ashenzari.
  3301 | D:4      | Found an opulent altar of Gozag.
  3316 | D:4      | Found an ornate altar of the Wu Jian Council.
  3699 | D:4      | Noticed Menkaure
  3725 | D:5      | Entered Level 5 of the Dungeon
  3725 | D:5      | Noticed a phantom
  3821 | D:5      | Found a shadowy altar of Dithmenos.
  3829 | D:5      | Became a worshipper of Dithmenos the Shadowed
  3920 | D:5      | Noticed an ogre
  3933 | D:5      | Killed an ogre
  3934 | D:5      | Reached XP level 6. HP: 37/43 MP: 10/13
  4005 | D:5      | Noticed a steam dragon
  4012 | D:5      | Killed a steam dragon
  4013 | D:5      | Reached skill level 5 in Spellcasting
  4273 | D:5      | Reached XP level 7. HP: 48/48 MP: 9/15
  4831 | D:6      | Found a snail-covered altar of Cheibriados.
  4966 | D:6      | Found a hide-covered altar of Uskayaw.
  5356 | D:6      | Reached * piety under Dithmenos
  5555 | D:6      | Reached skill level 6 in Spellcasting
  6084 | D:6      | Learned a level 1 spell: Kiss of Death
  6088 | D:6      | Learned a level 3 spell: Mephitic Cloud
  6093 | D:6      | Learned a level 4 spell: Dispel Undead
  6122 | D:6      | Found an ancient bone altar of Kikubaaqudgha.
  6411 | D:6      | Reached XP level 8. HP: 21/54 MP: 16/18
  6923 | D:6      | Reached skill level 7 in Spellcasting
  7272 | D:8      | You are sucked into a shaft and drop 2 floors!
  7272 | D:10     | Entered Level 10 of the Dungeon
  7679 | D:9      | Learned a level 2 spell: Poisonous Vapours
  7906 | D:9      | Killed from afar by a steam dragon

Illustrated notes

Levels and vault maps discovered:
D:1:      dpeg_arrival_rooms_a, layout_loops_corners,
          ebering_ecumenical_altar_petrified, st_stairs_10
D:2:      layout_basic, chequers_serial_rivers_micro_c, nrook_mini_vaults,
          corexii_item_surrounded_by_moat
D:3:      layout_basic, fedhas_altar_1, uniq_terence, uniq_jessica,
          uniq_crazy_yiuf_cottage
D:4:      layout_loops_ring, nicolae_ashenzari_panopticon,
          mainiacjoe_overflow_tiny_flanked, mainiacjoe_overflow_alcove_2,
          nicolae_overflow_hidden_temple, nicolae_wooded_promenade,
          uniq_menkaure
D:5:      layout_basic, nicolae_dithmenos_the_darkroom
D:6:      layout_loops_ring, good_gods_mini_temple,
          mainiacjoe_overflow_brackets, lemuel_zombie_altar_kikubaaqudgha,
          cheibrodos_worm_habitat, serial_shops, nicolae_shop_drivethru
D:7:      layout_basic, trog_wizard, minmay_temple_entry_enclosed_plants
D:8:      layout_loops_ring, nemelex_spade_bored_becter
D:9:      layout_basic, fountainhead, minmay_crystal_room, uniq_pikel
D:10:     layout_roguey, demons_altar, mainiacjoe_overflow_chevrons,
          dpeg_oklobed_lair, minmay_mirror_moons_of_madness, uniq_josephine

Skill      XL: |  1  2  3  4  5  6  7  8 |
---------------+-------------------------+-----
Summonings     | 1 |  1.8
Translocations | 1 |  1.6
Conjurations   | 1 2 3 4 |  4.1
Stealth        | 2 |  2.3
Fighting       | 1 |  1.4
Armour         | 1 2 3 4 |  4.0
Dodging        | 2 3 |  3.1
Spellcasting   | 5 6 7 |  7.2
Air Magic      | |  0.1

Action                     |  1- 3 |  4- 6 |  7- 9 || total
---------------------------+-------+-------+-------++-------
  Melee: Dagger            |    18 |    73 |   218 ||   309
         Spear             |    13 |       |       ||    13
         Punch             |       |     2 |     2 ||     4
   Cast: Magic Dart        |    89 |    55 |   155 ||   299
         Call Imp          |     2 |       |    24 ||    26
         Cigotuvi's Dreadf |       |     1 |     1 ||     2
         Mephitic Cloud    |       |       |     1 ||     1
         Blink             |       |       |     1 ||     1
  Evoke: Wand              |       |     7 |     4 ||    11
    Use: Scroll            |       |     3 |     2 ||     5
   Stab: Sleeping          |     1 |     2 |     1 ||     4
         Distracted        |       |       |     1 ||     1
 Armour: Robe              |    21 |    53 |    10 ||    84
         Ring mail         |       |       |   165 ||   165
  Dodge: Dodged            |    23 |    62 |   142 ||   227

Table legend: (Time is in decaauts)
 A = Elapsed time spent in this place.
 B = Non-inter-level travel time spent in this place.
 C = Inter-level travel time spent in this place.
 D = Time resting spent in this place.
 E = Time spent auto-exploring this place.
 F = Levels seen in this place.
 G = Mean time per level.
                   A        B        C        D        E       F      G
               +--------+--------+--------+--------+--------+-----+--------+
         Total |   7909 |   7868 |     41 |   2039 |   2862 |  10 |  790.9 |
       Dungeon |   7909 |   7868 |     41 |   2039 |   2862 |  10 |  790.9 |
               +--------+--------+--------+--------+--------+-----+--------+

Top non-repeatable levels by time:
     D:6: 2265 daAuts
     D:1: 1221 daAuts
     D:2: 1127 daAuts
     D:5: 1106 daAuts
     D:4: 870 daAuts
     D:3: 506 daAuts
    D:10: 317 daAuts
     D:9: 306 daAuts
     D:7: 161 daAuts
     D:8: 26 daAuts
